AoeStats
← The_Economist

Arabia

510390769Analyzed
1v1 RM · 7h ago on Sep 30, 2026· 46m 44s· 2 players
Game mode
Random Map
Map size
Tiny (2 player)
Population
200
Speed
Normal
Resources
Standard
Victory
Conquest
Starting age
Dark Age
Ending age
Imperial Age
RankedLock teamsTeams togetherTeam positionsShared explorationLock speedFull tech treeHidden civsTurbo modeCheats
Victory
Defeat
🇸🇰 Persians · Slovakia
1367
+16
🇺🇸 Lithuanians · United States
1357
-16
The_Economist
4:50 Loom
9:55 Feudal Age
10:23 Double-Bit Axe
17:12 Fletching
18:30 Horse Collar
21:24 Castle Age
20:51 Town Watch
21:55 Wheelbarrow
21:48 Gold Mining
22:26 Bow Saw
22:34 Forging
22:25 Padded Archer Armor
23:44 Bodkin Arrow
25:24 Hand Cart
24:43 Elite Skirmisher
26:15 Redemption
27:41 Ballistics
29:28 Town Watch
33:24 Imperial Age
31:15 Thumb Ring
32:03 Gold Mining
32:05 Stone Mining
33:19 Leather Archer Armor
33:50 Scale Barding Armor
34:21 Iron Casting
34:13 Bracer
34:44 Ring Archer Armor
35:37 Chemistry
36:43 Bloodlines
38:08 Husbandry
37:36 Cavalier
39:19 Husbandry
41:15 Scale Barding Armor
42:21 Chain Barding Armor
42:36 Iron Casting
41:30 Pikeman
42:11 Squires
42:35 Paladin
46:44 Plate Barding Armor
žralok ty kokot
6:17 Loom
8:58 Feudal Age
10:04 Double-Bit Axe
11:22 Horse Collar
21:03 Castle Age
19:50 Bloodlines
19:52 Fletching
19:56 Gold Mining
21:48 Husbandry
22:06 Bow Saw
23:09 Bodkin Arrow
24:20 Padded Archer Armor
25:19 Heavy Plow
26:27 Town Watch
27:39 Parthian Tactics
28:27 Leather Archer Armor
30:07 Ballistics
35:31 Imperial Age
33:37 Stone Mining
34:26 Wheelbarrow
34:30 Scale Barding Armor
34:36 Forging
35:29 Cavalier
37:03 Chain Barding Armor
38:15 Gold Shaft Mining
40:07 Plate Barding Armor
41:06 Two-Man Saw
40:23 Hand Cart
41:42 Iron Casting
40:30 Heavy Camel Rider
42:20 Town Patrol
43:59 Conscription
45:35 Blast Furnace
45:12 Elite Skirmisher
46:55 Chemistry
45:45 Savar
Connection lost

Rejoining the realm…

Still unreachable

The connection could not be restored.

Session expired

The server has moved on; the page needs a fresh start.